 Dungeon Crawl Stone Soup version 0.19-a0-1676-g39ae8cc (webtiles) character file.

1583 Amnesiac the Geomancer (level 8, -1/41 HPs)
             Began as a Deep Elf Earth Elementalist on Sept 23, 2016.
             Succumbed to a green ugly thing's poison
             ... on level 6 of the Dungeon.
             The game lasted 00:09:29 (3063 turns).

Amnesiac the Geomancer (DEEE)                       Turns: 3063, Time: 00:09:30

Health: -1/41      AC:  4    Str:  7    XL:     8   Next: 60%
Magic:  16/22      EV: 15    Int: 27    God:
Gold:   114        SH:  0    Dex: 15    Spells: 5 memorised, 9 levels left

rFire  . . .     SeeInvis .     (no weapon)
rCold  . . .     Gourm    .     c - +0 robe
rNeg   . . .     Faith    .     (no shield)
rPois  .         Spirit   .     (helmet restricted)
rElec  .         Dismiss  .     u - +0 cloak
rCorr  .         Reflect  .     (no gloves)
MR     .....     Harm     .     n - +0 pair of boots
Stlth  ++........               (no amulet)
                                t - +4 ring of intelligence
                                q - +2 ring of strength

@: lethally poisoned (-1 -> -48)
A: antennae 1, talons 1, repulsion field 1, sense surroundings 1
a: no special abilities


You were on level 6 of the Dungeon.
You were not hungry.

You visited 1 branch of the dungeon, and saw 6 of its levels.

You collected 114 gold pieces.

Inventory:

Hand Weapons
 e - a +0 blowgun
 w - a +0 dagger
Missiles
 x - 3 curare-tipped needles
Armour
 a - a +0 buckler
 c - a +0 robe (worn)
 k - a +0 helmet
 n - a +0 pair of boots (worn)
 u - a +0 cloak (worn)
Jewellery
 m - an uncursed ring of fire
 o - an uncursed ring of fire
 q - a +2 ring of strength (left hand)
 t - a +4 ring of intelligence (right hand)
Wands
 r - a wand of teleportation (2/9)
Scrolls
 f - a scroll of immolation {unknown}
 i - a scroll of magic mapping
 j - 2 scrolls of remove curse
 p - a scroll of fear
Potions
 g - 2 potions of flight
Books
 y - a book of Geomancy

   Spells                             Type                      Level
   a - Sandblast                      Earth                        1
   b - Passwall                       Transmutation/Earth          2
   c - Stone Arrow                    Conjuration/Earth            3
   d - Petrify                        Transmutation/Earth          4
   e - Lee's Rapid Deconstruction     Earth                        5
Comestibles
 d - 2 bread rations
 l - 3 meat rations
 s - 2 fruits


   Skills:
 - Level 2.4 Dodging
 - Level 2.4 Stealth
 + Level 1.8 Shields
 - Level 8.5 Spellcasting
 - Level 1.1 Transmutations
 - Level 10.0 Earth Magic


You had 9 spell levels left.
You knew the following spells:

 Your Spells              Type           Power        Failure   Level  Hunger
a - Lee's Rapid Deconstr  Erth           ######....   2%          5    ####...
e - Petrify               Tmut/Erth      #####...     6%          4    #......
f - Stone Arrow           Conj/Erth      #####.       1%          3    None
v - Passwall              Tmut/Erth      #####.....   1%          2    None
z - Sandblast             Erth           ######       1%          1    None


Dungeon Overview and Level Annotations

Branches:
Dungeon (6/15)
 Temple: D:4-7

Altars:

Annotations:
D:6 Dowan


Innate Abilities, Weirdness & Mutations

You have a pair of small antennae on your head.
You have sharp toenails.
You are surrounded by a mild repulsion field. (EV +2)
You passively map a small area around you.


Message History

Unknown command.
Casting: Sandblast
Confirm with . or Enter, or press ? or * to list all spells.
Aiming: Sandblast
Press: ? - help, Shift-Dir - straight line, f/p - centaur
Aim: a centaur (almost dead)
The blast of sand hits the centaur.
The centaur is almost dead.
* * * LOW HITPOINT WARNING * * *
You feel very sick. The centaur barely misses you.
The green ugly thing closely misses you.
Unknown command.
* * * LOW HITPOINT WARNING * * *
You feel very sick. The centaur hits you.
* * * LOW HITPOINT WARNING * * *
The centaur hits you but does no damage.
Unknown command.
You die...

#.............+ ...#
#.............###...#
#.............#.+...# * ,
###.............#.#<..# ,
* ......)...........'...#*
######)#.#################
* #
#...#.#.......#.$...$.# ,
####)#####.#.#.#.#u#.#.#.
,
................@.cr......
####.################+####
#......... , ,, ,
##........, ,* #.(...... ,
* , * #........ #........
, , , ........., , * ,,
..........


You could see a green ugly thing, a centaur and a quokka.

Vanquished Creatures
  Grinder (D:5)
  A water moccasin (D:6)
  A phantom (D:4)
  A sky beast (D:6)
  4 ogres
  Blork the orc (D:5)
  3 crimson imps (D:5)
  2 centaur skeletons
  3 orc priests
  A bullfrog zombie (D:5)
  2 hounds
  Terence (D:3)
  An iguana (D:4)
  2 worker ants
  6 orc wizards
  A hound zombie (D:6)
  2 adders (D:5)
  A howler monkey skeleton (D:6)
  A shadow imp (D:6)
  2 worms (D:2)
  3 leopard geckos
  14 orcs
  A bat (D:3)
  3 giant cockroaches
  A goblin (D:3)
  3 hobgoblins
  8 jackals
  3 kobolds
  A quokka (D:2)
  A giant cockroach zombie (D:6)
  2 rats
77 creatures vanquished.

Notes
Turn   | Place    | Note
-------+----------+-------------------------------------------
     0 | D:1      | Amnesiac the Deep Elf Earth Elementalist began the quest for the Orb.
     0 | D:1      | Reached XP level 1. HP: 10/10 MP: 6/6
     0 | D:1      | Noticed a formicid
     0 | D:1      | Noticed a draconian
     1 | D:1      | Noticed an ogre
     3 | D:1      | Noticed a centaur
     7 | D:1      | Noticed a vampire
    11 | D:1      | Noticed a centaur
    11 | D:1      | Noticed a vine stalker
    13 | D:1      | Noticed a troll
    15 | D:1      | Noticed a centaur
    17 | D:1      | Noticed an octopode
    17 | D:1      | Noticed an octopode
    19 | D:1      | Noticed a troll
    21 | D:1      | Noticed a centaur
   301 | D:2      | Reached XP level 2. HP: 15/15 MP: 4/8
   490 | D:3      | Reached skill level 4 in Earth Magic
   490 | D:3      | Reached XP level 3. HP: 19/19 MP: 6/10
   498 | D:3      | Learned a level 2 spell: Passwall
   502 | D:3      | Learned a level 3 spell: Stone Arrow
   752 | D:3      | Noticed Terence
   761 | D:3      | Killed Terence
   761 | D:3      | Reached XP level 4. HP: 20/24 MP: 3/12
   952 | D:4      | Gained mutation: You passively map a small area around you. [potion of mutation]
   952 | D:4      | Gained mutation: You have a pair of small antennae on your head. [potion of mutation]
   952 | D:4      | Gained mutation: You have sharp toenails. [potion of mutation]
   996 | D:4      | Gained mutation: You are surrounded by a mild repulsion field. (EV +2) [potion of beneficial mutation]
  1124 | D:4      | Reached skill level 5 in Earth Magic
  1153 | D:4      | Reached XP level 5. HP: 28/28 MP: 11/14
  1216 | D:4      | Reached skill level 5 in Spellcasting
  1233 | D:4      | Noticed an ogre
  1246 | D:4      | Learned a level 5 spell: Lee's Rapid Deconstruction
  1329 | D:4      | Killed an ogre
  1329 | D:4      | Reached skill level 6 in Earth Magic
  1329 | D:4      | Reached XP level 6. HP: 32/32 MP: 9/16
  1388 | D:5      | Entered Level 5 of the Dungeon
  1510 | D:5      | Noticed Grinder
  1556 | D:5      | Noticed Blork the orc
  1563 | D:5      | Killed Blork the orc
  1563 | D:5      | Reached skill level 7 in Earth Magic
  1701 | D:5      | Reached XP level 7. HP: 36/36 MP: 13/18
  1969 | D:5      | Reached skill level 8 in Earth Magic
  2207 | D:5      | Learned a level 4 spell: Petrify
  2415 | D:5      | Reached XP level 8. HP: 41/41 MP: 11/21
  2677 | D:5      | Reached skill level 9 in Earth Magic
  2708 | D:5      | Paralysed by Grinder for 2 turns
  2714 | D:5      | Paralysed by Grinder for 5 turns
  2724 | D:5      | Killed Grinder
  2919 | D:6      | Noticed Dowan
  2923 | D:6      | Reached skill level 10 in Earth Magic
  2949 | D:6      | Reached skill level 1 in Shields
  3056 | D:6      | Noticed a green ugly thing
  3063 | D:6      | Succumbed to a green ugly thing's poison

Vault maps used:
D:1:      shiori_arrival_whats_in_store_for_you
D:3:      uniq_natasha, uniq_terence
D:4:      uniq_edmund
D:5:      first_bread, uniq_grinder, uniq_blork_the_orc
D:6:      serial_undead, serial_undead_c, serial_undead_a, serial_undead_d,
          serial_undead_f, serial_undead_c, serial_undead_e,
          hangedman_minor_gate_pass, uniq_duvessa

Skill      XL: |  1  2  3  4  5  6  7  8 |
---------------+-------------------------+-----
Spellcasting   | 4 5 6 7 8 |  8.5
Earth Magic    | 4 5 6 7 8 10 | 10.0
Shields        | 1 |  1.8
Dodging        | |  2.4
Stealth        | |  2.4
Transmutations | |  1.1

Action                   |  1- 3 |  4- 6 |  7- 9 || total
-------------------------+-------+-------+-------++-------
 Fire: Blowgun           |       |    14 |     3 ||    17
 Cast: Sandblast         |    34 |    30 |    46 ||   110
       Stone Arrow       |       |    10 |    30 ||    40
       Passwall          |       |       |     2 ||     2
  Use: Scroll            |       |     7 |     1 ||     8
       Potion            |       |     2 |       ||     2
  Eat: Chunk             |       |     2 |     4 ||     6
Armor: Robe              |     2 |     2 |     6 ||    10
Dodge: Dodged            |     5 |    14 |    24 ||    43
